 Dungeon Crawl Stone Soup version 0.19-a0-904-ga29959e (webtiles) character file.

2264 MrRokkomies the Jinx (level 9, 0/63 HPs)
             Began as a Vampire Arcane Marksman on July 5, 2016.
             Was a Believer of Kikubaaqudgha.
             Slain by a porcupine (10 damage)
             ... on level 7 of the Dungeon.
             The game lasted 00:25:54 (9686 turns).

MrRokkomies the Jinx (Vampire Arcane Marksman)      Turns: 9686, Time: 00:25:54

Health: 0/63       AC:  5    Str: 10    XL:     9   Next: 16%
Magic:  5/10       EV: 15    Int: 18    God:    Kikubaaqudgha [**....]
Gold:   332        SH:  0    Dex: 14    Spells: 4 memorised, 2 levels left

rFire  . . .     SeeInvis +     b - +2 whip (pain)
rCold  + . .     Gourm    .     f - +0 robe
rNeg   + + .     Faith    .     (no shield)
rPois  +         Spirit   .     (no helmet)
rElec  .         Dismiss  .     l - +1 cloak
rCorr  .         Reflect  .     t - +0 pair of gloves
SustAt .         Harm     .     (no boots)
MR     .....                    (no amulet)
Stlth  +.........               r - +3 ring of evasion
                                (no ring)

@: about to teleport, regenerating slowly, not resistant to hostile
enchantments, very unstealthy
A: fangs 3, see invisible, unbreathing
a: Bat Form, Receive Corpses, Renounce Religion


You were on level 7 of the Dungeon.
You worshipped Kikubaaqudgha.
Kikubaaqudgha was pleased with you.
You were very thirsty.

You visited 2 branches of the dungeon, and saw 9 of its levels.

You collected 332 gold pieces.

Inventory:

Hand Weapons
 a - a +0 hand crossbow
 b - a +2 whip of pain (weapon)
 e - a +1 rapier of venom
Missiles
 d - 9 bolts
Armour
 f - a +0 robe (worn)
 l - a +1 cloak (worn)
 t - a +0 pair of gloves (worn)
Jewellery
 r - a +3 ring of evasion (right hand)
Scrolls
 g - a scroll of immolation
 j - a scroll of amnesia
 k - a scroll of remove curse
 m - 2 scrolls of fog
 o - 3 scrolls of identify
 s - a scroll of teleportation
Potions
 h - 2 potions of berserk rage
 i - 2 potions of mutation
 n - 5 potions of lignification
 p - a potion of flight
 u - 2 potions of haste
Books
 c - a book of Debilitation

   Spells                             Type                      Level
   a - Corona                         Hexes                        1
   b - Slow                           Hexes                        2
   c - Gell's Gravitas                Hexes/Translocation          3
   d - Inner Flame                    Hexes/Fire                   3
   e - Cause Fear                     Hexes                        4
   f - Leda's Liquefaction            Hexes/Earth                  4
 q - Kikubaaqudgha's Disquisition on Black Secrets
   (Kikubaaqudgha gifted it to you on level 3 of the Dungeon)

   Spells                             Type                      Level
   a - Pain                           Necromancy                   1
   b - Corpse Rot                     Necromancy                   2
   c - Sublimation of Blood           Necromancy                   2
   d - Vampiric Draining              Necromancy                   3
   e - Control Undead                 Necromancy                   4
 v - a book of Fire

   Spells                             Type                      Level
   a - Ignite Poison                  Fire/Transmutation/Poison    3
   b - Fireball                       Conjuration/Fire             5
   c - Bolt of Fire                   Conjuration/Fire             6
   d - Delayed Fireball               Conjuration/Fire             7
   e - Ring of Flames                 Charms/Fire                  7


   Skills:
 - Level 3.0 Fighting
 * Level 5.3 Maces & Flails
 - Level 4.0 Crossbows
 - Level 2.1 Dodging
 - Level 1.0 Spellcasting
 - Level 8.0 Hexes
 * Level 7.8 Necromancy


You had 2 spell levels left.
You knew the following spells:

 Your Spells              Type           Power        Failure   Level  Hunger
a - Corona                Hex            ####...      1%          1    ##.....
b - Slow                  Hex            ####....     1%          2    ###....
c - Inner Flame           Hex/Fire       ###.....     14%         3    ####...
d - Corpse Rot            Necr           N/A          1%          2    ###....


Dungeon Overview and Level Annotations

Branches:
Dungeon (8/15)             Temple (1/1) D:4
   Lair: D:8-11

Altars:
Ashenzari
Cheibriados
Dithmenos
Elyvilon
Fedhas
Kikubaaqudgha
Makhleb
Nemelex Xobeh
Okawaru
Pakellas
Qazlal
Ru
Trog
Xom
Yredelemnul
Zin

Shops:
D:5 }   D:6 ?

Annotations:
D:4 ontamu's ghost, amateur DEFE


Innate Abilities, Weirdness & Mutations

You heal slowly.
You have razor-sharp teeth.
You have supernaturally acute eyesight. (SInv)
You can survive without breathing.


Message History

The exploding tomahawk explodes!
The explosion of tomahawk fragments engulfs the porcupine.
The explosion of tomahawk fragments engulfs you!
* * * LOW HITPOINT WARNING * * *
An orc comes into view. It is wielding a dagger of flaming.
Things that are here:
a flail; a leather armour
Okay, then.
Unknown command.
As you read the scroll of teleportation, it crumbles to dust.
You feel strangely unstable.
The orc hits you with a dagger of flaming.
* * * LOW HITPOINT WARNING * * *
The orc burns you.
* * * LOW HITPOINT WARNING * * *
Unknown command.
You barely miss the orc. The orc completely misses you.
The porcupine bites you!
You die...
Kikubaaqudgha rasps: "You have failed me!
Welcome... oblivion!"

..........# ##......##
..........# ##........##
..>......## #..........#
.........# #..........#
..#.####.# #..........#
.##...##.# #..........#
.####.##.# #.....<....# .#
#.##.# ####........## ##
#..#.#######@oo.........#
##....##..rr.#..........#
########.....#####..........#
..........#..#####........(.#
#########.......##..........#
#.......###.<.......#
#########.......# ##......#.#
............[...# ##.#####.#
####.#####......# #.# #.#


You could see 2 porcupines and 2 orcs.

Vanquished Creatures
  A yak (D:7)
  A hippogriff (D:7)
  A hungry ghost (D:7)
  A porcupine (D:8)
  A sky beast (D:7)
  2 black bears
  2 ogres (D:4)
  A centaur (D:6)
  2 giant frogs (D:6)
  A wyvern skeleton (D:7)
  A water moccasin skeleton (D:4)
  A scorpion (D:6)
  2 howler monkeys (D:7)
  3 crimson imps
  A centaur skeleton (D:4)
  3 hounds
  An orc priest (D:7)
  A giant frog skeleton (D:4)
  2 iguanas
  3 orc wizards
  7 worker ants
  2 hound skeletons
  6 adders
  4 gnolls
  A shadow imp (D:6)
  A white imp (D:8)
  An ooze (D:3)
  4 adder skeletons
  5 worms
  4 dart slugs
  5 giant geckos
  23 orcs
  5 giant cockroaches
  4 goblins (D:3)
  5 hobgoblins
  11 jackals
  4 quokkas
  2 ball pythons (D:3)
  8 bats
  2 giant gecko skeletons
  6 giant newts
  7 kobolds
  A quokka skeleton (D:6)
  8 rats
157 creatures vanquished.

Vanquished Creatures (others)
  2 fungi (D:8)
  A plant (D:8)
3 creatures vanquished.

Grand Total: 160 creatures vanquished

Notes
Turn   | Place    | Note
-------+----------+-------------------------------------------
     0 | D:1      | MrRokkomies the Vampire Arcane Marksman began the quest for the Orb.
     0 | D:1      | Reached XP level 1. HP: 14/14 MP: 2/2
    24 | D:1      | Reached skill level 1 in Fighting
   176 | D:1      | Reached XP level 2. HP: 20/21 MP: 3/3
   190 | D:1      | Learned a level 2 spell: Slow
   805 | D:1      | Reached XP level 3. HP: 27/27 MP: 4/4
  1327 | D:2      | Found a white marble altar of Elyvilon.
  1446 | D:2      | Found a sacrificial altar of Ru.
  1447 | D:2      | Found a burning altar of Makhleb.
  1453 | D:2      | Found a blossoming altar of Fedhas.
  1453 | D:2      | Found a shimmering altar of Xom.
  1453 | D:2      | Found a glowing silver altar of Zin.
  1454 | D:2      | Found an ancient bone altar of Kikubaaqudgha.
  1455 | D:2      | Found an iron altar of Okawaru.
  1460 | D:2      | Found a snail-covered altar of Cheibriados.
  1462 | D:2      | Found an oddly glowing altar of Pakellas.
  1471 | D:2      | Became a worshipper of Kikubaaqudgha
  2175 | D:3      | Reached XP level 4. HP: 34/34 MP: 5/5
  2864 | D:3      | Reached * piety under Kikubaaqudgha
  2864 | D:3      | Received a gift from Kikubaaqudgha
  2865 | D:3      | Identified Kikubaaqudgha's Disquisition on Black Secrets (Kikubaaqudgha gifted it to you on level 3 of the Dungeon)
  3699 | D:4      | Noticed ontamu's ghost (amateur DEFE)
  4129 | D:4      | Reached skill level 5 in Hexes
  4129 | D:4      | Reached XP level 5. HP: 38/41 MP: 3/6
  4134 | D:4      | Learned a level 3 spell: Inner Flame
  4228 | D:4      | Noticed an ogre
  4249 | D:4      | Found a staircase to the Ecumenical Temple.
  4258 | Temple   | Entered the Ecumenical Temple
  5036 | D:5      | Entered Level 5 of the Dungeon
  5053 | D:5      | Found Woytinnepoe's Gadget Emporium.
  5069 | D:5      | Reached skill level 6 in Hexes
  5073 | D:5      | Reached XP level 6. HP: 14/47 MP: 7/7
  5615 | D:5      | Reached skill level 1 in Necromancy
  6182 | D:5      | Reached skill level 7 in Hexes
  6492 | D:4      | Reached XP level 7. HP: 26/52 MP: 5/8
  6511 | D:4      | Reached skill level 8 in Hexes
  6607 | D:4      | Reached skill level 1 in Maces & Flails
  7141 | D:6      | Found a bloodstained altar of Trog.
  7337 | D:6      | Found Deekludghoa's Magic Scroll Boutique.
  7548 | D:6      | Reached XP level 8. HP: 54/58 MP: 9/9
  7575 | D:6      | Found a sparkling altar of Nemelex Xobeh.
  7772 | D:6      | Reached skill level 5 in Necromancy
  7946 | D:7      | Reached ** piety under Kikubaaqudgha
  9208 | D:7      | Found a blossoming altar of Fedhas.
  9294 | D:8      | Noticed a troll
  9337 | D:8      | Reached skill level 5 in Maces & Flails
  9337 | D:8      | Reached XP level 9. HP: 52/63 MP: 10/10
  9526 | D:7      | Learned a level 2 spell: Corpse Rot
  9686 | D:7      | Slain by a porcupine

Vault maps used:
D:1:      minmay_arrival_pointy, minmay_misc_feat_plants
D:2:      minitemple, elyvilon_altar_5
D:4:      first_bread
D:5:      serial_shops, shop_fountains
D:6:      lemuel_round_altar, serial_shops, shop, trog_book
D:7:      fedhas_altar_4
D:8:      minmay_lair_entry_grove, serial_ice, serial_ice_g, serial_ice_b,
          serial_ice_o, serial_ice_i, serial_ice_e, serial_ice_d, serial_ice_c,
          uniq_psyche
Temple:   minmay_temple_curvy_loop

Skill      XL: |  1  2  3  4  5  6  7  8 |
---------------+-------------------------+-----
Fighting       | 1 2 3 |  3.0
Crossbows      | 2 3 4 |  4.0
Hexes          | 5 6 7 8 |  8.0
Necromancy     | 2 4 7 |  7.8
Maces & Flails | 2 5 |  5.3
Dodging        | |  2.1
Spellcasting   | |  1.0

Action                   |  1- 3 |  4- 6 |  7- 9 || total
-------------------------+-------+-------+-------++-------
Melee: Short sword       |    68 |       |       ||    68
       Unarmed           |     2 |       |       ||     2
       Whip              |    52 |   106 |   220 ||   378
       Bite              |     7 |     7 |    19 ||    33
       Hand crossbow     |       |       |     1 ||     1
 Fire: Hand crossbow     |    24 |   145 |    57 ||   226
 Cast: Slow              |       |    19 |     8 ||    27
       Corona            |       |       |     2 ||     2
       Inner Flame       |       |       |     1 ||     1
       Corpse Rot        |       |       |     3 ||     3
Invok: Receive Corpses   |       |     1 |     2 ||     3
 Abil: End Transformatio |       |     6 |     2 ||     8
       Bat Form          |       |     6 |     2 ||     8
  Use: Scroll            |    10 |     3 |     4 ||    17
       Potion            |       |     3 |     5 ||     8
 Stab: Sleeping          |     2 |     1 |       ||     3
  Eat: Corpse            |     2 |     9 |     5 ||    16
Armor: Robe              |    42 |    59 |    65 ||   166
Dodge: Dodged            |   151 |   140 |   208 ||   499
